 Dungeon Crawl Stone Soup version 0.24-a0-789-g35933f4585 (webtiles) character file.

Game seed: 14557786273657276417, levelgen mode: deterministic

44 Kohma the Skirmisher (level 3, -3/26 HPs)
             Began as an Octopode Fighter on Oct 10, 2019.
             Slain by Sigmund
             ... wielding a +0 scythe
              (4 damage)
             ... on level 2 of the Dungeon.
             The game lasted 00:03:21 (1273 turns).

Kohma the Skirmisher (Octopode Fighter)             Turns: 1273, Time: 00:03:22

Health: -3/26      AC:  1    Str: 20    XL:     3   Next: 60%
Magic:  3/3        EV: 11    Int: 10    God:
Gold:   12         SH:  0    Dex: 12    Spells: 2/2 levels left

rFire    . . .     SeeInvis .   a - +0 war axe
rCold    . . .     Gourm    .   b - +0 shield
rNeg     . . .     Faith    .   (helmet restricted)
rPois    .         Spirit   .   (no amulet)
rElec    .         Reflect  .   (no ring)
rCorr    .         Harm     .   (no ring)
MR       .....                  (no ring)
Stlth    ++........             (no ring)
HPRegen  0.08/turn              (no ring)
MPRegen  0.08/turn              (no ring)
                                (no ring)
                                (no ring)

@: confused, mighty
A: almost no armour, stealthy swim, amphibious, 8 rings, constrict 8, camouflage
1, gelatinous body 1
a: no special abilities


You were on level 2 of the Dungeon.
You were not hungry.

You visited 1 branch of the dungeon, and saw 2 of its levels.

You collected 12 gold pieces.

Inventory:

Hand Weapons
 a - a +0 war axe (weapon)
Missiles
 e - 33 sling bullets
Armour
 b - a +0 shield (worn)
Jewellery
 k - an uncursed ring of ice {unknown}
Scrolls
 h - a scroll of teleportation {unknown}
 i - a scroll of immolation {unknown}
Potions
 f - a potion of invisibility {unknown}
 g - a potion of flight {unknown}
 j - a potion of degeneration {unknown}
 l - 2 potions of brilliance {unknown}
Comestibles
 d - 3 rations


   Skills:
 + Level 3.5 Fighting
 * Level 3.3 Axes
 - Level 3.0 Dodging
 + Level 3.0 Shields


You had 2 spell levels left.
You didn't know any spells.
Your spell library was empty.

Dungeon Overview and Level Annotations

Branches:
Dungeon (2/15)

Altars:

Annotations:
D:2 Sigmund


Innate Abilities, Weirdness & Mutations

You cannot wear most types of armour.
You are very stealthy in the water. (Stealth+)
You are amphibious.
You can wear up to eight rings at the same time.
You can use your tentacles to constrict eight enemies at once.
Your skin changes colour to match your surroundings (Stealth+).
Your rubbery body absorbs attacks. (AC +1, EV +1)


Message History

The magic dart hits you. Sigmund hits you but does no damage.
You hit Sigmund. You squeeze Sigmund.
Sigmund is moderately wounded.
Sigmund barely misses you.
Sigmund hits you from afar with a +0 scythe!
Sigmund gestures at you while chanting. The magic dart hits you.
You feel less confused. You block Sigmund's attack.
Sigmund gestures at you while chanting.
You are confused.
You're too confused to move!
Sigmund barely misses you. Sigmund hits you with a +0 scythe!
* * * LOW HITPOINT WARNING * * *
Sigmund closely misses you.
You slash Sigmund!
Sigmund is severely wounded.
Sigmund hits you with a +0 scythe.
You die...

#.. .##### ..
......# #'
#.....#
##'###.....#
#..........###
#.............
#............
#....@...#
#....@...######
#..............
#........######
#........+.#
#........#.#
##'#+#<..#.# #.
#..##.#
..#.##.##.#


You could see Sigmund.

Vanquished Creatures
  An adder (D:2)
  2 leopard geckos
  6 goblins (D:1)
  2 hobgoblins (D:1)
  4 jackals (D:1)
  2 kobolds (D:1)
  7 bats (D:1)
  6 frilled lizards
  A rat (D:1)
31 creatures vanquished.

Notes
Turn   | Place    | Note
-------+----------+-------------------------------------------
     0 | D:1      | Kohma the Octopode Fighter began the quest for the Orb.
     0 | D:1      | Reached XP level 1. HP: 16/16 MP: 1/1
   123 | D:1      | Reached XP level 2. HP: 8/21 MP: 2/2
   689 | D:1      | Reached XP level 3. HP: 26/26 MP: 3/3
  1253 | D:2      | Noticed Sigmund
  1271 | D:2      | HP: 1/26 [Sigmund/+0 scythe (9)]
  1273 | D:2      | Slain by Sigmund

Levels and vault maps discovered:
D:1:      doesnt_arrival_eight_statues, layout_basic
D:2:      layout_basic, led_sif_pool, lemuel_round_altar, uniq_sigmund

Skill      XL: |  1  2 |
---------------+-------+-----
Axes           | 3 |  3.3
Fighting       | |  3.5
Dodging        | |  3.0
Shields        | |  3.0

Action                   || total
-------------------------++-------
Melee: War axe           ||    66
       Constrict         ||    13
       Tentacles         ||     7
  Use: Potion            ||     1
 Stab: Sleeping          ||     1
  Eat: Chunk             ||     1
Armor: Skin              ||     7
Dodge: Dodged            ||    33
Block: Shield            ||    26

Table legend:
 A = Non-vault XP
 B = Vault XP
 C = Vault XP percentage of total XP
 D = Non-vault monster count
 E = Vault monster count
 F = Vault count percentage of total count
                 A         B        C        D         E       F
            +---------+---------+-------+---------+---------+-------
      Total |      63 |       0 |   0.0 |      31 |       0 |   0.0
            +---------+---------+-------+---------+---------+-------
        D:1 |      46 |       0 |   0.0 |      28 |       0 |   0.0
        D:2 |      17 |       0 |   0.0 |       3 |       0 |   0.0
            +---------+---------+-------+---------+---------+-------
